 Dungeon Crawl Stone Soup version 0.28-a0-87-g9a7839dea9 (webtiles) character file.

Game seed: 2136464878554457658

30 fozzywoppz the Chopper (level 3, -4/31 HPs)
             Began as a Minotaur Gladiator on Aug 7, 2021.
             Succumbed to Crazy Yiuf's poison
             ... on level 2 of the Dungeon.
             The game lasted 00:03:29 (1355 turns).

fozzywoppz the Chopper (Minotaur Gladiator)         Turns: 1355, Time: 00:03:30

Health: -4/31      AC:  4    Str: 19    XL:     3   Next: 5%
Magic:  2/2        EV: 12    Int:  5    God:
Gold:   81         SH:  0    Dex: 11    Spells: 2/2 levels left

rFire   . . .      SeeInvis .   a - +0 war axe
rCold   . . .      Faith    .   (no shield)
rNeg    . . .      Spirit   .   b - +0 leather armour
rPois   .          Reflect  .   c - +0 hat
rElec   .          Harm     .   (no cloak)
rCorr   .          Rampage  .   m - +0 pair of gloves
Will    .....                   (no boots)
Stlth   +.........              (no amulet)
HPRegen 0.10/turn               (no ring)
MPRegen 0.08/turn               (no ring)

@: lethally poisoned (-4 -> -32)
A: horns 2, retaliatory headbutt
a: no special abilities


You were on level 2 of the Dungeon.
You visited 1 branch of the dungeon, and saw 2 of its levels.

You collected 81 gold pieces.

Inventory:

Hand Weapons
 a - a +0 war axe (weapon)
Missiles
 d - 3 throwing nets (quivered)
Armour
 b - a +0 leather armour (worn)
 c - a +0 hat (worn)
 m - a +0 pair of gloves (worn)
Scrolls
 e - 2 scrolls of identify {unknown}
 g - a scroll of torment {unknown}
 h - a scroll of noise {unknown}
 i - a scroll of teleportation {unknown}
 j - a scroll of amnesia {unknown}
 l - a scroll of magic mapping {unknown}
Potions
 f - a potion of berserk rage {unknown}
 k - a potion of heal wounds {unknown}


   Skills:
 + Level 3.0 Fighting
 + Level 4.0 Axes
 + Level 2.4 Throwing
 + Level 3.6 Dodging


You had 2 spell levels left.
You didn't know any spells.
Your spell library contained the following spells:

 Spells                   Type           Power      Damage    Failure   Level
 Freeze                   Ice            0%         1d3       54%         1
 Frozen Ramparts          Ice            0%         1d2       88%         3
 Hailstorm                Conj/Ice       0%         3d3       99%         4


Dungeon Overview and Level Annotations

Branches:
Dungeon (2/15)

Altars:

Annotations:
D:2 Crazy Yiuf


Innate Abilities, Weirdness & Mutations

You have a pair of horns on your head.
You reflexively headbutt those who attack you in melee.


Message History

There is an open door here.
There is a stone staircase leading down here.
Partly explored, can't reach some places.
Partly explored, can't reach some places.
Partly explored, can't reach some places.
No target in view!
You hit the fungus.
The fungus begins to die.
The fungus is lightly damaged.
You hit the bush but do no damage. You hit the fungus.
The fungus begins to die.
You slash the fungus!
The fungus is lightly damaged.
You hit the bush. You hit the fungus but do no damage. You hit the fungus.
The fungus is lightly damaged.
You hit the bush but do no damage. You hit the fungus but do no damage.
A nearby fungus withers and dies.
A nearby fungus withers and dies.
Found a mace.
Found a runed translucent door.
Crazy Yiuf shouts!
As you open the door, it creaks loudly!
You barely miss Crazy Yiuf. Your headbutt misses Crazy Yiuf.
Crazy Yiuf laughs, "East alas tortoise!"
Crazy Yiuf closely misses you.
You hit Crazy Yiuf but do no damage.
Crazy Yiuf says, "Crazy?
Crazy!?
PORCUPINE!"
Crazy Yiuf barely misses you.
You closely miss Crazy Yiuf.
Crazy Yiuf hits you with a +4 quarterstaff of chaos!
Crazy Yiuf burns you. Crazy Yiuf closely misses you. You furiously retaliate!
You headbutt Crazy Yiuf. You slash Crazy Yiuf!
You headbutt Crazy Yiuf, but do no damage.
Crazy Yiuf is almost dead.
Crazy Yiuf hits you with a +4 quarterstaff of chaos!
* * * LOW HITPOINT WARNING * * *
You are lethally poisoned!
You hit Crazy Yiuf.
Crazy Yiuf is almost dead.
You die...

#.........#
##..#####..#
##.........#
#....# #..#
...........#
#P..P# #..#
...........#
#.P###
#..#########
...........#
##.#
#..#........
..........##
#.##
#....####...
.[........#
##.#
#....#....≈≈
..........#
#.##
#....#.##.≈)
#.........#
##@#
#....#.)..≈≈
######....# #g#
#....#<..... #
#.(..# ...
#'##.######. #
#....# #...#
#.##......'. #
#....# #..)#
#.#########.
###....# #####
#.# ## #......#
#'###### #
#......#
########......#
# #......#
#.#...........#


You could see Crazy Yiuf.

Vanquished Creatures
  A dart slug (D:1)
  3 bats (D:2)
  6 endoplasms
  2 goblins
  2 hobgoblins (D:1)
  2 quokkas
  4 ball pythons
  2 frilled lizards
  2 kobolds (D:1)
  2 rats
26 creatures vanquished.

Vanquished Creatures (others)
  2 fungi (D:2)
2 creatures vanquished.

Grand Total: 28 creatures vanquished

Notes
Turn   | Place    | Note
-------+----------+-------------------------------------------
     0 | D:1      | fozzywoppz the Minotaur Gladiator began the quest for the
                  | Orb.
     0 | D:1      | Reached XP level 1. HP: 18/18 MP: 0/0
   171 | D:1      | Reached XP level 2. HP: 20/25 MP: 1/1
   489 | D:1      | Reached skill level 4 in Axes
   666 | D:2      | Found a faded altar of an unknown god.
  1023 | D:2      | Reached XP level 3. HP: 28/31 MP: 2/2
  1346 | D:2      | Found a runed translucent door.
  1347 | D:2      | Noticed Crazy Yiuf
  1355 | D:2      | Succumbed to Crazy Yiuf's poison

Illustrated notes

Levels and vault maps discovered:
D:1:      lemuel_arrival_muddy, layout_rooms, serial_glass, glass_columns_a,
          glass_columns_b
D:2:      layout_basic, shapermc_ecumenical_altar_totnotflames,
          kennysheep_minor_cross, corexii_item_surrounded_by_moat,
          uniq_crazy_yiuf_cottage

Skill      XL: |  1  2 |
---------------+-------+-----
Axes           | 4 |  4.0
Fighting       | 3 |  3.0
Throwing       | |  2.4
Dodging        | |  3.6

Action                   || total
-------------------------++-------
Melee: War axe           ||    50
       Headbutt          ||     6
Armor: Leather armour    ||     6
Dodge: Dodged            ||    31

Table legend: (Time is in decaauts)
 A = Elapsed time spent in this place.
 B = Non-inter-level travel time spent in this place.
 C = Inter-level travel time spent in this place.
 D = Time resting spent in this place.
 E = Time spent auto-exploring this place.
 F = Levels seen in this place.
 G = Mean time per level.
                   A        B        C        D        E       F      G
               +--------+--------+--------+--------+--------+-----+--------+
         Total |   1372 |   1368 |      4 |      0 |   1174 |   2 |  686.0 |
       Dungeon |   1372 |   1368 |      4 |      0 |   1174 |   2 |  686.0 |
               +--------+--------+--------+--------+--------+-----+--------+

Top non-repeatable levels by time:
     D:2: 741 daAuts
     D:1: 630 daAuts
